 Dungeon Crawl Stone Soup version 0.29.1-2-gbd0b4ee654 (webtiles) character file.

Game seed: 9948940146598713260

15823 fantasyman the Basher (level 12, -12/115 HPs)
             Began as a Gargoyle Berserker on Nov 13, 2022.
             Was an Elder of Trog.
             Mangled by a very large slime creature (20 damage)
             ... on level 12 of the Dungeon.
             The game lasted 00:22:59 (15046 turns).

fantasyman the Basher (Gargoyle Berserker)         Turns: 15046, Time: 00:23:00

Health: -12/115    AC: 28    Str: 25    XL:     12   Next: 31%
Magic:  12/12      EV:  9    Int:  9    God:    Trog [****..]
Gold:   902        SH:  5    Dex: 13    Spells: 11/11 levels left

rFire   . . .      SeeInvis +   c - +1 great mace (vorpal)
rCold   . . .      Faith    .   (shield currently unavailable)
rNeg    + + .      Spirit   .   x - +2 plate armour {Will+}
rPois   ∞          Reflect  +   (no helmet)
rElec   +          Harm     .   (no cloak)
rCorr   +          Rampage  +   r - +1 pair of gloves of Polish {Rampage rN+ rCorr Dex+4}
Will    +....                   (no boots)
Stlth   ..........              i - amulet of reflection
HPRegen 0.29/turn               h - ring "Muowomuv" {+Blink SInv}
MPRegen 0.13/turn               (no ring)

@: berserking, very quick
A: sickness immunity, AC +8, negative energy resistance 1, electricity
resistance, torment resistance 1, petrification resistance
a: Renounce Religion, Evoke Blink, Berserk, Trog's Hand, Brothers in Arms


You were on level 12 of the Dungeon.
You worshipped Trog.
Trog was greatly pleased with you.
You visited 1 branch of the dungeon, and saw 12 of its levels.
You also visited: Sewer and Ossuary.

You collected 902 gold pieces.

Inventory:

Hand Weapons
 c - a +1 vorpal great mace (weapon)
 u - a +2 whip of flaming
 v - a +3 whip of freezing
Armour
 r - the +1 pair of gloves of Polish (worn) {Rampage rN+ rCorr Dex+4}
   (You acquired it on level 9 of the Dungeon)

   Dex:       It affects your dexterity (+4).
   rN:        It protects you from negative energy.
   rCorr:     It protects you from acid and corrosion.
   Rampage:   It bestows one free step when moving towards enemies.
 w - a +2 plate armour of fire resistance
 x - a +2 plate armour of willpower (worn)
Jewellery
 h - the ring "Muowomuv" (left hand) {+Blink SInv}
   (You acquired it on level 9 of the Dungeon)

   [ring of see invisible]

   SInv:      It lets you see invisible.
   +Blink:    It lets you blink.
 i - an amulet of reflection (around neck)
 y - a ring of protection from fire
Wands
 g - a wand of charming (12)
 t - a wand of roots (13)
 A - a wand of flame (32)
Scrolls
 a - 5 scrolls of enchant weapon
 d - 6 scrolls of poison
 j - 16 scrolls of identify
 k - a scroll of silence
 o - a scroll of teleportation
 p - a scroll of enchant armour
 q - 3 scrolls of amnesia
 s - a scroll of fear
 B - a scroll of blinking
Potions
 b - 3 potions of lignification
 e - 2 potions of curing
 f - 3 potions of heal wounds
 l - a potion of resistance
 m - 2 potions of mutation
 n - 3 potions of might
 z - 3 potions of flight


   Skills:
 + Level 9.9 Fighting
 + Level 13.1 Maces & Flails
 + Level 10.4 Armour
 + Level 4.7 Dodging
 + Level 2.8 Stealth
 + Level 6.2 Shields


You had 11 spell levels left.
You didn't know any spells.
Your spell library was empty.

Dungeon Overview and Level Annotations

Branches:
Dungeon (12/15)            Temple (0/1) D:4            Lair (0/5) D:10
    Orc (0/2) D:9           Sewer (visited)         Ossuary (visited)

Altars:
Ashenzari
Kikubaaqudgha
Nemelex Xobeh
Okawaru
Qazlal
Sif Muna
Trog
Uskayaw
Wu Jian
Xom
Yredelemnul
Zin
The Shining One

Shops:
D:9 (


Innate Abilities, Weirdness & Mutations

You are immune to sickness and miasma.
Your stone body is resilient. (AC +8)
You are immune to poison.
You resist negative energy. (rN+)
You are resistant to electric shocks. (rElec)
You are resistant to unholy torment.
You are immune to petrification.


Message History

The slime creature is moderately wounded.
The slime creature hits you but does no damage.
A slime creature comes into view.
The slime creature hits you but does no damage.
The slime creature quivers.
You thump the slime creature!
The slime creature is moderately wounded.
Two slime creatures merge to form a large slime creature.
You hit the large slime creature.
The large slime creature is moderately wounded.
A slime creature comes into view.
The large slime creature hits you!!
You sock the large slime creature!
The large slime creature is moderately wounded.
The large slime creature hits you!!
You are too injured to fight recklessly!
You are too injured to fight recklessly!
You sock the large slime creature!
The large slime creature is heavily wounded.
Two slime creatures merge to form a very large slime creature.
You hit the very large slime creature.
The very large slime creature is moderately wounded.
You block the very large slime creature's attack.
A red film seems to cover your vision as you go berserk!
You feel yourself moving faster!
You feel mighty!
The very large slime creature barely misses you.
You barely miss the very large slime creature.
The very large slime creature is moderately wounded.
The very large slime creature hits you!!
* * * LOW HITPOINT WARNING * * *
You beat the very large slime creature like a drum!!!
The very large slime creature is heavily wounded.
You thump the very large slime creature!
The very large slime creature is severely wounded.
The very large slime creature hits you!!
* * * LOW HITPOINT WARNING * * *
You sock the very large slime creature!
The very large slime creature is severely wounded.
The very large slime creature hits you!!
You die...

≈~~
..........$.....
≈≈~
.####.#.########
≈≈~ ##....#.#
≈≈~ ....##.# ~≈≈
.###..#.# ~≈≈
##...# ...
###.#### ...
#....# ~~≈
#@##.# .~≈ #J#
[. #~≈ ... ...
~~ ..#.. .# ...
.## # .#.. ##
.##.. .. #..


You could see a very large slime creature.

Vanquished Creatures
  A hydra (D:11)
  Erolcha (D:9)
  3 two-headed ogres
  A tengu warrior (D:12)
  A deep elf pyromancer (D:12)
  Pikel (D:8)
  An ugly thing (D:11)
  Maggie (D:9)
  Psyche (D:9)
  A tengu conjurer (D:12)
  2 trolls (D:11)
  A shadow (D:12)
  20 yaks
  A wyvern (D:10)
  A vampire (D:10)
  A wraith (D:11)
  3 steam dragons
  3 vampire mosquitoes (D:11)
  An acid dragon (D:11)
  A water moccasin (D:9)
  3 orc warriors
  9 ice beasts
  Pargi (Sewer)
  A black bear (D:6)
  2 sky beasts
  An ogre (D:7)
  8 centaurs
  4 lemures (D:8)
  2 elf zombies (Ossuary)
  A phantom (D:6)
  2 kobold brigands
  Blork the orc (D:4)
  6 bullfrogs
  2 necrophages
  3 scorpions
  17 wights
  3 killer bees (D:9)
  3 jellies
  6 electric eels
  5 howler monkeys
  A centaur zombie (Ossuary)
  3 orc priests
  A hound (D:6)
  A human zombie (Ossuary)
  An iguana (D:4)
  4 orc wizards
  2 mummies (Ossuary)
  8 adders
  A river rat (D:5)
  3 ufetubi
  An adder zombie (Ossuary)
  A worm (D:3)
  A dart slug (D:1)
  25 orcs
  11 ball pythons
  2 bat zombies (D:6)
  2 endoplasms
  4 giant cockroaches
  8 goblins
  5 hobgoblins
  3 jackals (D:1)
  11 kobolds
  3 quokkas
  3 bats
  A frilled lizard (Sewer)
  2 goblin zombies (Ossuary)
  9 hobgoblin zombies (Ossuary)
  A jackal zombie (Ossuary)
  10 kobold zombies (Ossuary)
  8 orc zombies (Ossuary)
  A quokka zombie (D:7)
  2 rats
  3 rat zombies
268 creatures vanquished.

Notes
Turn   | Place    | Note
-------+----------+-------------------------------------------
     0 | D:1      | fantasyman the Gargoyle Berserker began the quest for the
                  | Orb.
     0 | D:1      | Reached XP level 1. HP: 14/14 MP: 1/1
   532 | D:1      | Reached XP level 2. HP: 19/19 MP: 2/2
  2063 | D:2      | Reached XP level 3. HP: 23/23 MP: 3/3
  2069 | D:2      | Found a faded altar of an unknown god.
  2676 | D:3      | Found a hide-covered altar of Uskayaw.
  2830 | D:3      | Found a broken altar of Ashenzari.
  2834 | D:3      | Found a glowing silver altar of Zin.
  2839 | D:3      | Found an iron altar of Okawaru.
  2925 | D:3      | Reached XP level 4. HP: 26/29 MP: 4/4
  2979 | D:3      | Reached skill level 4 in Maces & Flails
  3175 | D:3      | Found a shimmering blue altar of Sif Muna.
  3731 | D:4      | Reached ** piety under Trog
  3752 | D:4      | Noticed a necrophage
  3771 | D:4      | Killed a necrophage
  3772 | D:4      | Reached XP level 5. HP: 23/33 MP: 5/5
  3859 | D:4      | Noticed Blork the orc
  3874 | D:4      | Killed Blork the orc
  4076 | D:4      | Found a staircase to the Ecumenical Temple.
  4098 | D:4      | Reached skill level 5 in Maces & Flails
  4098 | D:4      | Reached XP level 6. HP: 26/38 MP: 6/6
  4435 | D:4      | Reached XP level 7. HP: 43/43 MP: 7/7
  4837 | D:5      | Entered Level 5 of the Dungeon
  4843 | D:5      | Found a sparkling altar of Nemelex Xobeh.
  4879 | D:5      | Reached skill level 6 in Maces & Flails
  4936 | D:5      | Reached skill level 1 in Stealth
  5017 | D:5      | Found a glowing drain.
  5033 | Sewer    | Entered a sewer
  5407 | Sewer    | Noticed Pargi
  5420 | Sewer    | Killed Pargi
  5951 | D:5      | Reached skill level 5 in Armour
  6105 | D:6      | Reached XP level 8. HP: 35/48 MP: 8/8
  6310 | D:6      | Reached skill level 1 in Shields
  6610 | D:6      | Found an ancient bone altar of Kikubaaqudgha.
  6695 | D:6      | Reached skill level 5 in Fighting
  6695 | D:6      | Reached skill level 7 in Maces & Flails
  7098 | D:6      | Found an ornate altar of the Wu Jian Council.
  7693 | D:7      | Reached XP level 9. HP: 27/54 MP: 9/9
  7709 | D:7      | Reached skill level 8 in Maces & Flails
  8030 | D:7      | Found a bloodstained altar of Trog.
  8079 | D:7      | Found a sand-covered staircase.
  8087 | Ossuary  | Entered an ossuary
  8122 | Ossuary  | Reached *** piety under Trog
  8690 | D:8      | Noticed a two-headed ogre
  8701 | D:8      | Killed a two-headed ogre
  8702 | D:8      | Reached skill level 9 in Maces & Flails
  9024 | D:8      | Reached XP level 10. HP: 53/61 MP: 10/10
  9471 | D:8      | Noticed Pikel
  9514 | D:8      | Killed Pikel
  9514 | D:8      | Reached **** piety under Trog
  9515 | D:8      | Reached skill level 10 in Maces & Flails
 10370 | D:9      | Found Guneuth's Antique Weapon Emporium.
 10380 | D:9      | Found a stormy altar of Qazlal.
 10575 | D:9      | Noticed Psyche
 10594 | D:9      | Killed Psyche
 10624 | D:9      | Identified 3 scrolls of acquirement
 10625 | D:9      | Acquired the +1 pair of gloves of Polish {Rampage rN+ rCorr
                  | Dex+4}
 10642 | D:9      | Acquired a +1 vorpal great mace
 10643 | D:9      | Acquired the ring "Muowomuv" {+Blink SInv}
 10706 | D:9      | Reached XP level 11. HP: 51/68 MP: 11/11
 10716 | D:9      | Reached skill level 11 in Maces & Flails
 10944 | D:9      | Noticed Maggie
 10950 | D:9      | Killed Maggie
 10990 | D:9      | Noticed Erolcha
 11001 | D:9      | Killed Erolcha
 11158 | D:9      | Found a staircase to the Orcish Mines.
 11320 | D:9      | Reached skill level 5 in Shields
 11666 | D:9      | Found a glowing golden altar of the Shining One.
 11668 | D:9      | Noticed an angel
 11673 | D:9      | Found a basalt altar of Yredelemnul.
 11675 | D:9      | Noticed a profane servitor
 12040 | D:10     | Entered Level 10 of the Dungeon
 12152 | D:10     | Found a shimmering altar of Xom.
 12306 | D:10     | Reached skill level 12 in Maces & Flails
 12642 | D:10     | Found a staircase to the Lair.
 13116 | D:11     | Noticed a four-headed hydra
 13141 | D:11     | Killed a four-headed hydra
 13942 | D:11     | Noticed a two-headed ogre
 13949 | D:11     | Noticed a red ugly thing
 13951 | D:11     | Killed a two-headed ogre
 13970 | D:11     | Reached skill level 10 in Armour
 13973 | D:11     | Reached XP level 12. HP: 76/76 MP: 12/12
 14401 | D:11     | Noticed a two-headed ogre
 14409 | D:11     | Killed a two-headed ogre
 14857 | D:12     | Noticed a tengu warrior
 14866 | D:12     | Reached skill level 13 in Maces & Flails
 14871 | D:12     | Killed a tengu warrior
 15046 | D:12     | Mangled by a very large slime creature

Illustrated notes

Levels and vault maps discovered:
D:1:      minmay_arrival_loop, layout_basic
D:2:      layout_basic, ebering_ecumenical_altar_petrified
D:3:      layout_rooms, mainiacjoe_overflow_catwalk, led_sif_book,
          grunt_temple_overflow_diamond
D:4:      layout_basic, temple_green, glass_columns_a, uniq_blork_the_orc
D:5:      layout_loops_ring, nemelex_spade_bored_becter, portal_sewer_entry_a
D:6:      layout_rooms, lemuel_zombie_altar_kikubaaqudgha,
          nicolae_wu_jian_wuxing_cycle
D:7:      layout_gridville, kennysheep_mini, enter_ossuary_4
D:8:      layout_basic, blue_anna_alchemist, uniq_pikel
D:9:      minmay_twisted_water, layout_loops_ring, amcnicky_altar_gilded,
          grunt_temple_overflow_holy_war, serial_shops, nicolae_diamond_shop,
          library_closet, uniq_erolcha, uniq_maggie, uniq_psyche
D:10:     layout_irregular_city, mainiacjoe_overflow_boulevard,
          lair_entry_dummy, kennysheep_cross_room, kennysheep_cross_bottleneck
D:11:     layout_basic
D:12:     wander_river, layout_rooms, gauntlet_entry_generic

Skill      XL: |  1  2  3  4  5  6  7  8  9 10 11 12 |
---------------+-------------------------------------+-----
Dodging        | 2 3 4 |  4.7
Maces & Flails | 4 5 6 7 9 10 12 13 | 13.1
Armour         | 3 4 5 6 7 8 10 | 10.4
Fighting       | 4 5 6 8 9 |  9.9
Stealth        | 1 2 |  2.8
Shields        | 2 3 4 6 |  6.2

Action                   |  1- 3 |  4- 6 |  7- 9 | 10-12 || total
-------------------------+-------+-------+-------+-------++-------
Melee: Mace              |   101 |    90 |       |       ||   191
       Whip              |       |    21 |   486 |   270 ||   777
       Punch             |       |       |     8 |     5 ||    13
       Great mace        |       |       |       |   286 ||   286
Invok: Berserk           |       |       |     4 |     9 ||    13
       Trog's Hand       |       |       |     1 |     2 ||     3
  Use: Potion            |     3 |     4 |     5 |     2 ||    14
       Scroll            |     1 |     8 |     5 |     7 ||    21
Armor: Animal skin       |    20 |       |       |       ||    20
       Ring mail         |    29 |    55 |    62 |       ||   146
       Scale mail        |       |       |   120 |    30 ||   150
       Plate armour      |       |       |       |   277 ||   277
Dodge: Dodged            |    69 |    57 |   187 |   182 ||   495
Block: Other             |       |       |    77 |   111 ||   188
       Reflection        |       |       |     6 |     5 ||    11
